 Dungeon Crawl Stone Soup version 0.31-a0-233-g139696dc86 (webtiles) character file.

Game seed: 15357880837091214091

14635 Zonian the Thaumaturge (level 11, -6/64 HPs)
             Began as a Deep Elf Ice Elementalist on July 8, 2023.
             Was an Initiate of Gozag.
             Mangled by a dire elephant (19 damage)
             ... on level 2 of the Lair of Beasts.
             The game lasted 00:55:31 (17406 turns).

Zonian the Thaumaturge (Deep Elf Ice Elementalist) Turns: 17406, Time: 00:55:31

Health: -6/64      AC: 12    Str:  5    XL:     11   Next: 91%
Magic:  20/29      EV: 16    Int: 25    God:    Gozag
Gold:   234        SH:  0    Dex: 19    Spells: 20/34 levels left

rFire   + + .        l - +2 dagger (elec)
rCold   . . .        (no shield)
rNeg    . . .        s - +3 leather armour {rF+}
rPois   .            C - +0 helmet
rElec   .            (no cloak)
rCorr   .            (no gloves)
SInv    .            c - +0 pair of boots
Will    ++...        j - amulet of magic regeneration
Stlth   ++           o - ring "Uvaleoff" {Will+ AC+4 Dex+4}
HPRegen 0.30/turn    L - ring of protection from fire
MPRegen 0.61/turn

%: no passive effects
@: about to teleport, gold aura, very slow
A: no striking features
a: Renounce Religion, Potion Petition, Call Merchant, Bribe Branch


You were on level 2 of the Lair of Beasts.
You worshipped Gozag.
Gozag was aware of your devotion.
You visited 3 branches of the dungeon, and saw 11 of its levels.
You also visited: Bailey and Volcano.

You collected 2000 gold pieces.
You spent 582 gold pieces at shops.
You paid 1184 gold pieces to Gozag.

Inventory:

Hand Weapons
 d - a +1 dagger of freezing
 f - a +5 spectral club
 g - a +0 short sword of speed
 l - a +2 dagger of electrocution (weapon)
 m - the +5 mace of Obsession {elec, Dex+4}
   (You found it on level 2 of the Dungeon)

   Dex:       It affects your dexterity (+4).
 u - a +1 broad axe of flaming
 J - a +1 dagger of speed
 Q - a +3 scimitar of flaming
 R - a +0 longbow of flaming
Missiles
 k - 4 throwing nets
 r - 27 poisoned darts
 t - 24 boomerangs
 A - 4 atropa-tipped darts
 G - a curare-tipped dart
Armour
 a - a +0 robe
 c - a +0 pair of boots (worn)
 s - a +3 leather armour of fire resistance (worn)
 C - a +0 helmet (worn)
 I - a +4 ring mail
 K - the +9 crystal plate armour "Wyeham" {rPois Regen+}
   (You took it off a kobold in a bailey)

   rPois:     It protects you from poison.
   Regen:     It increases your rate of health regeneration.
 S - a +0 scale mail of fire resistance
Magical Staves
 D - a staff of cold
Jewellery
 i - a ring of resist corrosion
 j - an amulet of magic regeneration (around neck)
 o - the ring "Uvaleoff" (left hand) {Will+ AC+4 Dex+4}
   (You acquired it on level 1 of the Lair of Beasts)

   [ring of protection]

   AC:        It affects your AC (+4).
   Dex:       It affects your dexterity (+4).
   Will:      It increases your willpower.
 L - a ring of protection from fire (right hand)
Wands
 q - a wand of digging (8)
 H - a wand of mindburst (23)
 O - a wand of polymorph (5)
 P - a wand of iceblast (10)
Scrolls
 n - 3 scrolls of noise
 x - 4 scrolls of enchant armour
 z - a scroll of teleportation
 N - a scroll of amnesia {unknown}
Potions
 b - a potion of magic
 e - 4 potions of enlightenment
 h - 2 potions of degeneration
 p - 2 potions of might
 v - a potion of lignification
 w - a potion of resistance
 B - 3 potions of brilliance
 E - a potion of attraction
 F - 2 potions of mutation {unknown}


   Skills:
 + Level 5.2 Fighting
 + Level 1.8 Short Blades
 + Level 8.0 Dodging
 + Level 8.5 Stealth
 + Level 12.4 Spellcasting
 + Level 8.6 Conjurations
 + Level 5.1 Summonings
 + Level 10.9 Ice Magic


You had 20 spell levels left.
You knew the following spells:

 Your Spells              Type           Power      Damage    Failure   Level
a - Freeze                Ice            100%       1d10      1%          1
b - Frozen Ramparts       Ice            100%       1d16      1%          3
c - Ozocubu's Armour      Ice            63%        N/A       1%          3
d - Magic Dart            Conj           100%       1d8       1%          1
e - Searing Ray           Conj           100%       2d8       1%          2
f - Summon Ice Beast      Ice/Summ       54%        N/A       2%          4

Your spell library contained the following spells:

 Spells                   Type           Power      Damage    Failure   Level
 Shock                    Conj/Air       100%       1d9       1%          1
 Necrotise                Necr           60%        1d7       6%          1
 Lesser Beckoning         Tloc           30%        N/A       10%         2
 Fulminant Prism          Conj/Hex       18%        3d10      11%         4
 Gell's Gravitas          Tloc           15%        N/A       19%         3
 Portal Projectile        Hex/Tloc       30%        N/A       19%         3
 Swiftness                Air            15%        N/A       19%         3
 Teleport Other           Tloc           15%        N/A       19%         3
 Tukima's Dance           Hex            15%        N/A       19%         3
 Vampiric Draining        Necr           15%        2d7       19%         3
 Summon Mana Viper        Hex/Summ       28%        N/A       52%         5
 Airstrike                Air            7%         2d(2-18)  54%         4
 Agony                    Necr           15%        N/A       87%         5
 Blade Hands              Tmut           7%         N/A       87%         5
 Monstrous Menagerie      Summ           20%        N/A       100%        7


Dungeon Overview and Level Annotations

Branches:
Dungeon (8/15)             Temple (1/1) D:7            Lair (2/5) D:8
 Bailey (visited)         Volcano (visited)
  Swamp: Lair:2-3    Shoals: Lair:2-3     Snake: Lair:2-3    Spider: Lair:2-3

Altars:
Cheibriados
Dithmenos
Elyvilon
Fedhas
Gozag
Hepliaklqana
Kikubaaqudgha
Nemelex Xobeh
Okawaru
Qazlal
Ru
Sif Muna
Trog
Uskayaw
Vehumet
Yredelemnul
The Shining One
Lugonu

Shops:
D:6 =   D:7 *

Annotations:
D:2 Sigmund
Lair:1 2 transporters, LynnLen's ghost, journeyman SpEn


Message History

Unknown command.
The searing ray hits the elephant!
The elephant is almost dead.
You finish channelling your searing ray.
The elephant completely misses you. The elephant trunk-slaps you.
* * * LOW HITPOINT WARNING * * *
Unknown command.
The elephant tramples you but does no damage.
The elephant trunk-slaps you but does no damage.
Unknown command.
The elephant closely misses you. The elephant barely misses you.
Unknown command.
Casting: Searing Ray (safe; 1% risk of failure)
Confirm with . or Enter, or press ? or * to list all spells.
Aiming: Searing Ray (safe; 1% risk of failure)
Press: ? - help, Shift-Dir - straight line, f/p - elephant
Aim: an elephant (almost dead, 100% to hit)
The searing ray hits the elephant.
The elephant is almost dead.
The searing ray hits the dire elephant!
The dire elephant is lightly wounded. (Press . to maintain the ray.)
The elephant tramples you but does no damage.
The elephant barely misses you.
The searing ray hits the elephant but does no damage.
The elephant is almost dead.
The searing ray hits the dire elephant but does no damage.
The dire elephant is lightly wounded.
The elephant tramples you but does no damage.
The elephant trunk-slaps you but does no damage.
Unknown command.
The searing ray hits the elephant.
You kill the elephant!
The searing ray hits the dire elephant.
The dire elephant is lightly wounded.
Unknown command.
As you read the scroll of teleportation, it crumbles to dust.
You feel strangely unstable. The dire elephant tramples you!!
You die...
Your body crumbles into a pile of gold.

............. ......♣♣♣..♣.
....♣♣♣ ♣♣♣ ♣♣♣♣#######
....♣ ♣♣♣ ♣♣≈≈~$~≈~≈≈#
....♣♣♣♣.♣♣♣ ♣~≈~~#~~~≈≈#
..♣♣♣♣....P♣ ♣~≈~♣# ~≈≈≈#
..♣♣♣♣.....♣♣♣ ♣♣~~~♣ ~#8#
..♣♣.........♣ ♣PY≈≈# # #
.♣♣..........♣♣♣@~≈≈♣
..♣...........♣♣♣~≈≈# #
......~~~~....♣♣♣~~♣# ~#
.....~~~~~~~P.~♣♣~≈~♣ ~~#
....~~~≈≈≈~~~~~♣~≈~♣♣# ~~≈#
....~~≈≈≈≈≈≈≈~~♣~~≈♣.##≈~≈#
....~~≈≈≈≈≈≈≈≈~♣♣~~~♣.#Y~#
....~~~≈≈~~~≈≈≈♣♣~≈~♣##~##
.....~~~~~~.~≈≈≈≈≈~≈♣ #~~~≈


You could see a dire elephant.

Vanquished Creatures
  A hydra (Lair:1)
  A two-headed ogre (D:5)
  An orc knight (Bailey)
  2 black mambas (Lair:2)
  4 elephants (Lair:2)
  A torpor snail (Lair:2)
  3 cane toads
  Maggie (Lair:1)
  3 komodo dragons
  A rime drake (Lair:2)
  An efreet (Volcano)
  A hornet (D:8)
  A polar bear (Lair:1)
  4 blink frogs
  3 wyverns
  8 yaks
  2 fire elementals (Volcano)
  3 basilisks
  A swamp worm (Lair:2)
  5 water moccasins
  7 orc warriors
  3 ice beasts
  4 black bears
  2 ogres
  4 wolves (Lair:2)
  3 centaurs
  2 kobold brigands
  A phantom (D:5)
  An earth elemental (Volcano)
  6 bullfrogs
  A scorpion (D:5)
  3 jellies
  2 hounds (D:5)
  4 orc priests
  2 iguanas
  Jessica (D:2)
  Ijyb (D:3)
  Natasha (twice) (D:2)
  2 orc wizards
  2 sleepcaps
  Terence (D:3)
  9 gnolls
  8 adders
  2 shadow imps
  2 ufetubi
  A worm (D:2)
  A dart slug (D:1)
  22 orcs
  8 endoplasms
  5 giant cockroaches
  10 goblins
  7 hobgoblins
  2 quokkas
  9 ball pythons
  4 bats
  4 frilled lizards
  31 kobolds
  2 rats
228 creatures vanquished.

Vanquished Creatures (collateral kills)
  A cane toad (Lair:1)
  A komodo dragon (Lair:2)
  2 wolves (Lair:2)
4 creatures vanquished.

Vanquished Creatures (others)
  A wizard (D:3)
1 creature vanquished.

Grand Total: 233 creatures vanquished

Notes
Turn   | Place    | Note
-------+----------+-------------------------------------------
     0 | D:1      | Zonian the Deep Elf Ice Elementalist began the quest for
                  | the Orb.
     0 | D:1      | Reached XP level 1. HP: 10/10 MP: 6/6
   188 | D:1      | Reached XP level 2. HP: 15/15 MP: 6/8
   783 | D:1      | You fall into a shaft and drop 1 floor!
   931 | D:2      | Reached XP level 3. HP: 19/19 MP: 3/10
   935 | D:2      | Learned a level 3 spell: Frozen Ramparts
   939 | D:2      | Learned a level 3 spell: Ozocubu's Armour
   945 | D:2      | Learned a level 1 spell: Magic Dart
  1054 | D:2      | Noticed Jessica
  1085 | D:2      | Killed Jessica
  1086 | D:2      | Reached skill level 4 in Spellcasting
  1086 | D:2      | Reached skill level 5 in Ice Magic
  1198 | D:2      | Noticed Sigmund
  1214 | D:2      | Reached XP level 4. HP: 24/24 MP: 12/12
  1517 | D:2      | Identified the +5 mace of Obsession {elec, Dex+4}
  2112 | D:2      | Noticed Natasha
  2120 | D:2      | Killed Natasha
  2121 | D:2      | Reached skill level 5 in Spellcasting
  2121 | D:2      | Reached XP level 5. HP: 18/28 MP: 9/14
  2261 | D:2      | Noticed Natasha
  2275 | D:2      | Killed Natasha
  2325 | D:3      | Noticed an ice beast
  2457 | D:3      | Noticed Ijyb
  2466 | D:3      | Killed Ijyb
  2496 | D:3      | Found a faded altar of an unknown god.
  2899 | D:3      | Found a bloodstained altar of Trog.
  2901 | D:3      | Noticed a wizard
  2906 | D:3      | Killed a wizard
  2946 | D:3      | Noticed Terence
  2949 | D:3      | Killed Terence
  3311 | D:3      | Reached skill level 6 in Spellcasting
  3311 | D:3      | Reached XP level 6. HP: 27/32 MP: 13/17
  3449 | D:3      | Found an ancient bone altar of Kikubaaqudgha.
  3810 | D:3      | Killed an ice beast
  4554 | D:4      | Found a white marble altar of Elyvilon.
  4580 | D:4      | Reached skill level 1 in Conjurations
  4937 | D:4      | Learned a level 2 spell: Searing Ray
  5005 | D:5      | Entered Level 5 of the Dungeon
  5058 | D:5      | Reached skill level 7 in Spellcasting
  5059 | D:5      | Reached XP level 7. HP: 32/36 MP: 16/19
  5470 | D:5      | Noticed a two-headed ogre
  5480 | D:5      | Killed a two-headed ogre
  5481 | D:5      | Reached skill level 8 in Spellcasting
  5481 | D:5      | Reached XP level 8. HP: 18/41 MP: 13/22
  6200 | D:5      | Reached skill level 9 in Spellcasting
  6512 | D:5      | Reached skill level 5 in Conjurations
  7008 | D:6      | Found a sacrificial altar of Ru.
  7025 | D:6      | Found a hazy altar of Hepliaklqana.
  7255 | D:6      | Reached skill level 1 in Fighting
  7426 | D:6      | Found Fozof's Jewellery Shoppe.
  8177 | D:7      | Identified the +0 pair of gloves of Fun {Fly rElec rC+}
  8205 | D:7      | Reached XP level 9. HP: 21/47 MP: 24/24
  8444 | D:7      | Found a staircase to the Ecumenical Temple.
  8470 | Temple   | Entered the Ecumenical Temple
  8548 | Temple   | Became a worshipper of Gozag Ym Sagoz the Greedy
  8766 | D:7      | Found a shadowy altar of Dithmenos.
  9024 | D:7      | Found Ytwuan's Assorted Antiques.
  9050 | D:7      | Bought a potion of heal wounds for 120 gold pieces
  9064 | D:7      | Reached skill level 10 in Spellcasting
  9629 | D:8      | Found a flagged portal.
  9635 | Bailey   | Entered a bailey
  9658 | Bailey   | Noticed an orc knight
  9686 | Bailey   | Killed an orc knight
 10108 | Bailey   | Reached skill level 5 in Stealth
 10340 | Bailey   | Identified the +9 crystal plate armour "Wyeham" {rPois
                  | Regen+}
 10516 | D:8      | Reached skill level 5 in Dodging
 10694 | D:8      | Found a blossoming altar of Fedhas.
 10698 | D:8      | Found a stormy altar of Qazlal.
 10772 | D:8      | Found a shimmering blue altar of Sif Muna.
 10773 | D:8      | Found a snail-covered altar of Cheibriados.
 10785 | D:8      | Found a staircase to the Lair.
 10924 | D:8      | Learned a level 4 spell: Summon Ice Beast
 11166 | D:8      | Reached XP level 10. HP: 45/56 MP: 19/26
 11267 | D:8      | Reached skill level 1 in Summonings
 11369 | D:7      | Bought a short bone wand for 96 gold pieces
 11369 | D:7      | Bought a wand of iceblast (6) for 345 gold pieces
 11369 | D:7      | Bought a murky sapphire potion for 21 gold pieces
 11416 | Lair:1   | Entered Level 1 of the Lair of Beasts
 11431 | D:8      | HP: 1/56 [wyvern (14)]
 11650 | Lair:1   | Identified a scroll of acquirement
 11650 | Lair:1   | Acquired the ring "Uvaleoff" {Will+ AC+4 Dex+4}
 11660 | Lair:1   | Noticed a cane toad
 11671 | Lair:1   | Noticed a cane toad
 11879 | Lair:1   | Found a dark tunnel.
 11884 | Volcano  | Entered a volcano
 11992 | Volcano  | Reached skill level 11 in Spellcasting
 12146 | Lair:1   | Killed a cane toad
 12174 | Lair:1   | Killed a cane toad
 12175 | Lair:1   | Reached skill level 10 in Ice Magic
 12196 | Lair:1   | Noticed a five-headed hydra
 12481 | Lair:1   | Noticed Maggie
 12500 | Lair:1   | Killed Maggie
 12531 | Lair:1   | Noticed a cane toad
 12540 | Lair:1   | Killed a cane toad
 12683 | Lair:1   | Found a transporter.
 12692 | Lair:1   | Killed a five-headed hydra
 12908 | Lair:1   | Noticed LynnLen's ghost (journeyman SpEn)
 12909 | Lair:1   | Found a transporter.
 12911 | Lair:1   | Noticed a boulder beetle
 12912 | Lair:1   | Noticed an elephant
 12912 | Lair:1   | Noticed an elephant
 13398 | Lair:1   | Reached XP level 11. HP: 55/61 MP: 23/28
 14858 | Lair:2   | HP: 3/62 [poisoned by a black mamba]
 15521 | Lair:2   | Reached skill level 12 in Spellcasting
 16699 | Lair:2   | Reached skill level 5 in Fighting
 16710 | Lair:2   | Reached skill level 1 in Short Blades
 16833 | Lair:2   | Reached skill level 5 in Summonings
 17343 | Lair:2   | Noticed a dire elephant
 17343 | Lair:2   | Noticed a dire elephant
 17362 | Lair:2   | Found a runed translucent door.
 17406 | Lair:2   | Mangled by a dire elephant

Illustrated notes

Levels and vault maps discovered:
D:1:      roderic_crop_circles_arrival_small, layout_basic, st_stairs_14
D:2:      layout_loops_cross, minmay_pentomino_s4, uniq_natasha, uniq_sigmund,
          uniq_jessica
D:3:      layout_basic, lemuel_tele_altar, trog_wizard,
          dreamdust_ecumenical_altar_grove, uniq_ijyb, uniq_terence
D:4:      layout_basic, mainiacjoe_overflow_cross_hatched
D:5:      layout_basic
D:6:      layout_rooms, mainiacjoe_overflow_chevrons, kennysheep_mini,
          serial_shops, nicolae_shop_pleasant_corner_grove, minivault_25,
          interstate_on_off
D:7:      layout_basic, grunt_dithmenos_smoke_and_mirrors, temple_pool_b,
          serial_shops, shop_coins, minmay_misc_feat_tiny
D:8:      layout_basic, grunt_temple_overflow_forces_of_nature,
          nicolae_overflow_hidden_temple, david_lair_generic, serial_curves,
          eino_curves_03, eino_curves_03, enter_bailey_2
Temple:   corrupted_temple
Lair:1:   layout_layer_cave, enter_volcano_4, gammafunk_ghost_arena,
          serial_bayou_shore_a, uniq_maggie
Lair:2:   gammafunk_lair_enchanted_lake, layout_chaotic_city,
          palyth_hydra_swamp_entry, pdpol_lair_neglected_garden

Skill      XL: |  1  2  3  4  5  6  7  8  9 10 11 |
---------------+----------------------------------+-----
Stealth        | 3 5 7 8 |  8.5
Spellcasting   | 4 5 6 7 8 9 10 11 12 | 12.4
Ice Magic      | 5 6 8 9 10 | 10.9
Conjurations   | 1 4 5 6 7 8 |  8.6
Fighting       | 1 3 4 5 |  5.2
Dodging        | 3 5 6 8 |  8.0
Summonings     | 3 5 |  5.1
Short Blades   | 1 |  1.8

Action                     |  1- 3 |  4- 6 |  7- 9 | 10-12 || total
---------------------------+-------+-------+-------+-------++-------
  Melee: Unarmed           |     5 |       |       |       ||     5
         Dagger            |     2 |       |   102 |   119 ||   223
         Club              |     1 |       |       |       ||     1
         Mace              |       |    89 |    11 |       ||   100
         Short sword       |       |     4 |       |       ||     4
         Punch             |       |       |     1 |       ||     1
   Cast: Freeze            |    41 |    24 |     4 |     1 ||    70
         Frozen Ramparts   |       |     6 |    33 |    25 ||    64
         Ozocubu's Armour  |       |     2 |    11 |    14 ||    27
         Magic Dart        |       |     3 |    55 |   120 ||   178
         Searing Ray       |       |       |    19 |    40 ||    59
         Summon Ice Beast  |       |       |       |     5 ||     5
 Invoke: Potion Petition   |       |       |       |     2 ||     2
  Evoke: Wand              |       |       |     1 |       ||     1
    Use: Scroll            |     4 |     5 |     8 |     9 ||    26
         Potion            |       |       |     3 |     6 ||     9
   Stab: Sleeping          |       |    12 |     1 |       ||    13
         Distracted        |       |       |       |     1 ||     1
         Invisible         |       |       |       |     2 ||     2
 Armour: Robe              |     3 |     2 |       |       ||     5
         Leather armour    |       |    14 |    40 |   114 ||   168
         Skin              |       |       |       |    13 ||    13
  Dodge: Dodged            |    16 |    73 |   102 |   221 ||   412

Table legend: (Time is in decaauts)
 A = Elapsed time spent in this place.
 B = Non-inter-level travel time spent in this place.
 C = Inter-level travel time spent in this place.
 D = Time resting spent in this place.
 E = Time spent auto-exploring this place.
 F = Levels seen in this place.
 G = Mean time per level.
                   A        B        C        D        E       F      G
               +--------+--------+--------+--------+--------+-----+--------+
         Total |  17475 |  17173 |    302 |   8832 |   4465 |  13 | 1344.2 |
       Dungeon |  10742 |  10518 |    224 |   4660 |   3519 |   8 | 1342.8 |
        Temple |    100 |    100 |      0 |      0 |     29 |   1 |  100.0 |
          Lair |   5554 |   5476 |     78 |   3519 |    916 |   2 | 2777.0 |
        Bailey |    835 |    835 |      0 |    516 |      0 |   1 |  835.0 |
       Volcano |    242 |    242 |      0 |    137 |      0 |   1 |  242.0 |
               +--------+--------+--------+--------+--------+-----+--------+

Top non-repeatable levels by time:
  Lair:1: 3644 daAuts
  Lair:2: 1909 daAuts
     D:3: 1891 daAuts
     D:5: 1714 daAuts
     D:2: 1548 daAuts
     D:6: 1443 daAuts
     D:7: 1390 daAuts
     D:8: 1159 daAuts
  Bailey: 835 daAuts
     D:4: 813 daAuts
     D:1: 782 daAuts
 Volcano: 242 daAuts
  Temple: 100 daAuts
